Map: Ulrena

Players

maxelf

  • Race: Zerg Zerg
  • League: Gold

capac - Winner!

  • Race: Terran Terran
  • League: Gold

VOD

Have the link to the VOD?

Description

Time

  • Played on: May 3, 2016, 12:55 p.m.
  • Length: 9:08
Show
View Real Time Build Order
Export as new Build Order

maxelf Zerg 

Build Orders: Hatch First, Roach Nydus 

Get SALT Encoding   

  12  0:02  Drone  
  13  0:12  Overlord  
  13  0:20  Drone  
  14  0:25  Extractor  
  14  0:26  Drone  
  15  0:32  Drone  
  15  0:35  Drone  
  17  0:56  Hatchery  
  16  0:59  Extractor  
  16  1:00  Drone  
  16  1:03  Drone  
  17  1:18  Spawning Pool  
  16  1:21  Drone  
  16  1:25  Drone  
  18  1:32  Drone  
  19  1:39  Drone  
  20  1:50  Overlord  
  20  2:08  Zergling x2  
  21  2:09  Zergling x2  
  21  2:11  Queen  
  21  2:13  Queen  
  21  2:15  Drone  
  27  2:27  Evolution Chamber  
  25  2:36  Drone x2  
  28  2:38  Drone  
  28  2:39  Drone  
  30  2:45  Roach Warren, Drone  
  30  2:49  Drone  
  31  2:56  Lair  
  31  3:05  Spore Crawler  
  31  3:08  Spore Crawler  
  31  3:10  Drone  
  31  3:11  Drone  
  31  3:18  Drone x3  
  34  3:25  Drone  
  34  3:26  Drone  
  36  3:39  Overlord  
  34  3:42  Queen  
  36  3:51  Extractor  
  36  3:52  Evolution Chamber  
  34  3:55  Queen  
  34  3:58  Glial Reconstitution  
  34  4:01  Zergling x2, Roach x2  
  41  4:04  Roach  
  41  4:08  Overlord  
  43  4:20  Zerg Missile Weapons Level 1  
  43  4:34  Roach x4  
  43  4:35  Overlord x2  
  51  4:45  Overlord  
  51  4:46  Drone  
  52  5:07  Nydus Network, Roach  
  52  5:08  Roach  
  52  5:12  Roach  
  57  5:14  Queen  
  57  5:16  Queen  
  61  5:25  Overseer  
  61  5:39  Roach x4  
  69  5:49  Roach  
  70  6:05  Roach  
  70  6:06  Overlord, Roach  
  74  6:19  Nydus Canal  
  74  6:30  Roach x4  
  46  7:17  Hydralisk Den, Drone x3  
  46  7:19  Drone  
  46  7:20  Drone x3  
  52  7:23  Queen x2  
  56  7:34  Hatchery  
  55  7:58  Drone x3  
  58  8:01  Hydralisk x2  
  62  8:23  Hydralisk x2  
  62  8:25  Zergling x4  
  64  8:42  Hydralisk x2  
Show
View Real Time Build Order
Export as new Build Order

capac Terran - Winner!

Build Orders: Reaper Expand, MMM Bio 

Get SALT Encoding   

  12  0:00  SCV  
  13  0:12  SCV  
  14  0:18  Supply Depot  
  14  0:25  SCV  
  15  0:40  SCV  
  15  0:41  Barracks  
  16  0:46  Refinery  
  16  0:52  SCV  
  17  1:04  SCV  
  18  1:16  SCV  
  19  1:28  Orbital Command  
  19  1:30  Reaper  
  20  1:42  Command Center  
  20  1:49  Supply Depot  
  21  1:54  SCV  
  21  2:02  Marine  
  21  2:06  SCV  
  23  2:10  Factory  
  23  2:18  Refinery, SCV  
  24  2:31  SCV  
  24  2:36  Barracks Reactor  
  25  2:39  Barracks  
  25  2:47  SCV  
  26  2:57  Bunker  
  26  2:58  Orbital Command  
  26  2:59  SCV  
  26  3:01  Factory Tech Lab  
  27  3:06  Starport  
  27  3:12  Marine  
  27  3:13  Marine  
  27  3:17  SCV  
  30  3:25  Siege Tank  
  33  3:30  SCV  
  33  3:31  SCV  
  34  3:43  SCV x2  
  36  3:49  Medivac  
  36  3:52  Barracks Tech Lab  
  38  3:57  SCV x2  
  38  4:01  Supply Depot, Marine x2  
  42  4:09  SCV x2  
  44  4:13  Stimpack  
  44  4:19  Refinery  
  44  4:21  SCV  
  45  4:24  SCV  
  46  4:32  Siege Tank  
  46  4:33  SCV  
  46  4:37  Marine x2, SCV  
  53  4:41  Starport Reactor  
  53  4:45  SCV  
  53  4:46  Supply Depot  
  53  4:52  SCV  
  55  5:00  Barracks, Marine x2, SCV  
  55  5:05  SCV  
  59  5:09  Siege Tank  
  62  5:17  Marine  
  62  5:18  SCV  
  62  5:19  SCV  
  65  5:23  Medivac x2  
  69  5:28  Refinery  
  69  5:30  SCV  
  69  5:32  Supply Depot  
  70  5:42  SCV  
  71  5:47  Siege Tank  
  71  5:48  Barracks Reactor  
  74  6:02  Medivac  
  74  6:03  Marine x3  
  79  6:06  Barracks  
  79  6:17  Command Center  
  79  6:18  Combat Shields  
  79  6:25  Engineering Bay  
  79  6:26  Supply Depot  
  79  6:30  Marine x3  
  79  6:31  Marine x2  
  70  7:05  Marine  
  70  7:06  Marine x4  
  75  7:19  SCV  
  75  7:20  SCV  
  77  7:23  Marine  
  77  7:24  Marine x4  
  82  7:35  Barracks Reactor  
  82  7:41  Marine  
  82  7:42  Marine x4  
  82  7:43  Medivac  
  89  7:48  Supply Depot  
  89  7:54  SCV  
  90  7:59  Marine x2  
  92  8:06  Siege Tank  
  95  8:13  Marine x4  
  95  8:18  Barracks  
  100  8:43  Marine x7  
Tags
 
Composition
MMM Bio
League
GoldGold
Matchup
TvZ
Strategy
Roach Nydus
Add a new tag
Caveats
  • Supply blocks, unpowered buildings, or Contaminate may cause inaccurate times.
  • Supply counts are checked every 10 seconds.